 Dungeon Crawl Stone Soup version 0.30-b1-2-g02819fbbbe (webtiles) character file.

Game seed: 14291664574528059619

127 redmage the Insei (level 5, -5/40 HPs)
             Began as a Meteoran Transmuter on Aug 1, 2023.
             Slain by an iguana (7 damage)
             ... on level 4 of the Dungeon.
             The game lasted 00:09:27 (705 turns).

redmage the Insei (Meteoran Transmuter)              Turns: 705, Time: 00:09:28

Health: -5/40      AC:  3    Str: 12    XL:     5   Next: 60%
Magic:  0/10       EV: 12    Int: 16    God:
Gold:   76         SH:  0    Dex: 14    Spells: 3/10 levels left

rFire   + .          .
                       - Unarmed
rCold   . . .        (no shield)
rNeg    . . .        a - +0 robe
rPois   .            (helmet currently unavailable)
rElec   .            k - +0 cloak
rCorr   .            (no gloves)
SInv    .            (boots currently unavailable)
Will    .....        j - amulet of guardian spirit
Stlth   +            d - +4 ring of slaying
HPRegen 0.26/turn    g - ring of protection from fire
MPRegen 0.12/turn

%: guardian spirit
@: lethally poisoned (-5 -> -6), appendages (expiring), glowing
A: horns 2, talons 2, sense surroundings 1, otherworldly, glowing, explore regen
a: End Transformation


You were on level 4 of the Dungeon.
You had temporarily grown beastly horns and talons.
You visited 1 branch of the dungeon, and saw 5 of its levels.

You collected 76 gold pieces.

Inventory:

Armour
 a - a +0 robe (worn)
 k - a +0 cloak (worn)
Jewellery
 d - a +4 ring of slaying (left hand)
 g - a ring of protection from fire (right hand)
 j - an amulet of guardian spirit (around neck)
Potions
 b - 3 potions of lignification
 c - a potion of mutation
 h - a potion of brilliance {unknown}
 l - a potion of curing {unknown}
 n - a potion of attraction {unknown}


   Skills:
 - Level 1.4 Fighting
 - Level 2.6 Dodging
 + Level 4.8 Unarmed Combat
 - Level 3.0 Spellcasting
 * Level 3.7 Transmutations
 * Level 1.5 Ice Magic
 - Level 2.0 Poison Magic


You had 3 spell levels left.
You knew the following spells:

 Your Spells              Type           Power      Damage    Failure   Level
a - Beastly Appendage     Tmut           28%        N/A       4%          1
b - Wereblood             Tmut           14%        N/A       6%          2
c - Ice Form              Ice/Tmut       10%        N/A       54%         4

Your spell library contained the following spells:

 Spells                   Type           Power      Damage    Failure   Level
 Spider Form              Tmut/Pois      11%        N/A       17%         3


Dungeon Overview and Level Annotations

Branches:
Dungeon (5/15) Zot: 2300
 Temple: D:4-7

Altars:

Shops:
D:5 (!:

Annotations:
D:4 Edmund


Innate Abilities, Weirdness & Mutations

You have temporarily grown beastly horns and talons.
You passively map a small area around you.
You are easily found by Zot.
You glow in the dark.
You regain HP and MP as you explore.


Message History

You punch the scorpion!
The scorpion is almost dead.
Your transformation is almost over.
You feel very sick. The scorpion barely misses you. The iguana bites you.
You closely miss the scorpion.
You claw the scorpion, but do no damage.
The scorpion is almost dead.
You feel sick. The scorpion misses you. The iguana barely misses you.
You punch the scorpion!
You kill the scorpion!
You feel sick. The iguana barely misses you.
Your Ice Magic skill increases to level 1!
You have reached level 5!
You hit the iguana. Your kick misses the iguana.
Your headbutt misses the iguana.
The iguana is moderately wounded.
You feel your willpower return.
You feel sick.
You hit the iguana. Your kick misses the iguana.
The iguana is severely wounded.
You feel sick. The iguana closely misses you.
You barely miss the iguana. You claw the iguana.
Your headbutt misses the iguana.
The iguana is severely wounded.
You feel sick. The iguana bites you!
* * * LOW HITPOINT WARNING * * *
You hit the iguana but do no damage. Your headbutt misses the iguana.
The iguana is severely wounded.
You feel sick.
The iguana bites you but does no damage.
You closely miss the iguana.
The iguana is severely wounded.
You feel sick. The iguana bites you!
* * * LOW HITPOINT WARNING * * *
You hit the iguana but do no damage. You claw the iguana, but do no damage.
Your headbutt misses the iguana. You punch the iguana.
The iguana is almost dead.
The iguana bites you!
You die...

################
...............#
...............#
...............#
,
......l........#
.......@.......#
*
##...###'#####+##
#. ,#..........#
, ,,>#..........#
* #..........# ,
#..........# ,,
#..........# *
.#####..........#
.........####+###


You could see an iguana.

Vanquished Creatures
  A scorpion (D:4)
  An adder (D:2)
  A worm (D:3)
  A dart slug (D:2)
  An orc (D:3)
  9 bats
  4 endoplasms
  3 giant cockroaches
  3 goblins
  9 hobgoblins
  A quokka (D:2)
  4 ball pythons
  2 frilled lizards
  5 kobolds
  3 rats
48 creatures vanquished.

Notes
Turn   | Place    | Note
-------+----------+-------------------------------------------
     0 | D:1      | redmage the Meteoran Transmuter began the quest for the
                  | Orb.
     0 | D:1      | Reached XP level 1. HP: 16/16 MP: 5/5
    43 | D:1      | Reached XP level 2. HP: 23/23 MP: 6/6
    55 | D:1      | Learned a level 2 spell: Wereblood
    95 | D:1      | Reached skill level 4 in Unarmed Combat
   109 | D:1      | Reached XP level 3. HP: 28/28 MP: 6/8
   136 | D:2      | You fall into a shaft and drop 1 floor!
   239 | D:2      | Learned a level 3 spell: Spider Form
   354 | D:2      | Reached skill level 1 in Poison Magic
   355 | D:2      | Reached XP level 4. HP: 33/35 MP: 9/9
   576 | D:5      | Entered Level 5 of the Dungeon
   576 | D:5      | Found Ylikent's Weapon Boutique.
   576 | D:5      | Found Ytympueh's Distillery.
   576 | D:5      | Found Oneodd's Book Boutique.
   631 | D:4      | Noticed Edmund
   660 | D:4      | Learned a level 4 spell: Ice Form
   689 | D:4      | Noticed a scorpion
   699 | D:4      | Killed a scorpion
   700 | D:4      | Reached skill level 1 in Ice Magic
   700 | D:4      | Reached XP level 5. HP: 17/40 MP: 6/10
   704 | D:4      | HP: 2/40 [iguana (5)]
   705 | D:4      | Slain by an iguana

Illustrated notes

Levels and vault maps discovered:
D:1:      dpeg_arrival_rooms_with_view, layout_basic,
          hangedman_abyss_or_decor_stabs, st_stairs_9, minmay_misc_feat_x,
          roderic_roman_lattice, minmay_pentomino_s2
D:2:      layout_basic, serial_shops, shop
D:3:      layout_loops_ring, elyvilon_altar_4
D:4:      minmay_inner_zag, layout_gridville, uniq_blork_the_orc, uniq_menkaure,
          uniq_robin, uniq_edmund
D:5:      layout_loops_corners, mainiacjoe_overflow_brackets,
          nemelex_dance_club_becter, grunt_ministairs_10,
          nicolae_shop_distant_corner_stores, uniq_crazy_yiuf_cottage

Skill      XL: |  1  2  3  4 |
---------------+-------------+-----
Spellcasting   | 3 |  3.0
Unarmed Combat | 4 |  4.8
Poison Magic   | 1 2 |  2.0
Transmutations | 3 |  3.7
Ice Magic      | 1 |  1.5
Fighting       | |  1.4
Dodging        | |  2.6

Action                     |  1- 3 |  4- 6 || total
---------------------------+-------+-------++-------
  Melee: Unarmed           |    47 |    46 ||    93
         Kick              |     8 |    11 ||    19
         Headbutt          |     5 |     2 ||     7
         Punch             |     1 |     2 ||     3
   Cast: Beastly Appendage |    13 |     6 ||    19
    Use: Scroll            |       |     4 ||     4
 Armour: Robe              |    13 |    11 ||    24
  Dodge: Dodged            |    23 |    24 ||    47
